 Dungeon Crawl Stone Soup version 0.31.0-9-g3a7656b989 (webtiles) character file.

Game seed: 17723679413376737019

1 qw the Shooter (level 1, -2/10 HPs)
             Began as a Spriggan Hunter on Feb 2, 2024.
             Succumbed to a goblin's poison
             ... on level 1 of the Dungeon.
             The game lasted 00:00:00 (21 turns).

qw the Shooter (Spriggan Hunter)                      Turns: 21, Time: 00:00:00

Health: -2/10      AC:  2    Str:  7    XL:     1   Next: 16%
Magic:  2/2        EV: 18    Int: 10    God:
Gold:   4          SH:  0    Dex: 18    Spells: 0/0 levels left

rFire   . . .        a - +0 shortbow
rCold   . . .        (shield currently unavailable)
rNeg    . . .        c - +0 robe
rPois   .            (helmet restricted)
rElec   .            (no cloak)
rCorr   .            (gloves unavailable)
SInv    +            (boots unavailable)
Will    .....        (no amulet)
Stlth   ++           (no ring)
HPRegen 0.21/turn    (no ring)
MPRegen 0.08/turn

%: no passive effects
@: lethally poisoned (-2 -> -15), very quick
A: very small, no large weapons, unfitting armour, see invisible, speed 3
a: no special abilities


You were on level 1 of the Dungeon.
You visited 1 branch of the dungeon, and saw 1 of its levels.

You collected 4 gold pieces.


Innate Abilities, Weirdness & Mutations

You are very small and have problems with some larger weapons.
You are too small for most types of armour.
You have supernaturally acute eyesight. (SInv)
You cover ground extremely quickly. (Speed+++)


   Skills:
 - Level 1.5 Fighting
 - Level 4.0 Ranged Weapons
 + Level 2.9 Dodging
 - Level 1.5 Stealth


You couldn't memorise any spells.
You didn't know any spells.
Your spell library was empty.

Inventory:

Hand Weapons
 a - a +0 shortbow (weapon)
Armour
 c - a +0 robe (worn)
Scrolls
 b - a scroll of butterflies
 d - a scroll of fog {unknown}

Dungeon Overview and Level Annotations

Branches:
Dungeon (1/15)

Altars:


Message History

Welcome, qw the Spriggan Hunter.
The heart of this dungeon contains the breathtaking artefact, the Orb of Zot.
Press ? for a list of commands and other information.
Found a staircase leading out of the dungeon.
Waypoint 0 assigned to D:1.
0 ||| PLANNING D:1-11 You now have 4 gold pieces.
d - a scroll labelled TIVOMO KY XUUJ
There is an empty arch of ancient stone here.
A ball python and a goblin come into view.
The goblin is wielding a +1 dagger of venom.
Found 4 gold pieces.
The goblin moves out of view.
You shoot an arrow. The arrow hits the ball python.
The ball python hisses angrily.
The ball python is heavily wounded.
You shoot an arrow.
The arrow hits the ball python but does no damage.
The ball python is heavily wounded.
The ball python bites you but does no damage.
The ball python misses you.
You shoot an arrow. The arrow hits the ball python.
The ball python is severely wounded.
The ball python bites you. The ball python closely misses you.
The goblin hits you with a +1 dagger of venom.
You are poisoned.
You shoot an arrow. The arrow hits the ball python!
You kill the ball python!
You feel sick.
The goblin hits you with a +1 dagger of venom.
You are more poisoned.
You shoot an arrow. The arrow barely misses the goblin.
You die...

###.#.#\#...7#
.....#\#........7#
.............7...#
................7#
.................#
................#
...7.....8......#
..............#\##
............7###@#
............##.g........
............#$.#####.#..
.<......7..7#..
#...........#.
##..7....7.##.
############


You could see a goblin.

Vanquished Creatures
  A ball python (D:1)
1 creature vanquished.

Notes
Turn   | Place    | Note
-------+----------+-------------------------------------------
     0 | D:1      | qw the Spriggan Hunter began the quest for the Orb.
     0 | D:1      | Reached XP level 1. HP: 10/10 MP: 2/2
     0 | D:1      | 0 ||| qw: Version: 0.3-a-155-g5e7d8dd
     0 | D:1      | 0 ||| qw: Game counter: 480
     0 | D:1      | 0 ||| qw: Melee chars always use a shield: true
     0 | D:1      | 0 ||| qw: God list: Okawaru
     0 | D:1      | 0 ||| qw: Allow faded altars: false
     0 | D:1      | 0 ||| qw: Do Orc after clearing Dungeon:15 true
     0 | D:1      | 0 ||| qw: Do second Lair branch before Depths: true
     0 | D:1      | 0 ||| qw: Lair rune preference: random
     0 | D:1      | 0 ||| qw: Goals: Normal
     0 | D:1      | 0 ||| PLANNING D:1-11
    20 | D:1      | HP: 2/10 [goblin/+1 dagger of venom (4)]
    21 | D:1      | Succumbed to a goblin's poison

Levels and vault maps discovered:
D:1:      nzn_arrival_settlement, layout_basic, minmay_fountain_box,
          minmay_vboxes

Action                     || total
---------------------------++-------
   Fire: Shortbow          ||     5
 Armour: Robe              ||     4
  Dodge: Dodged            ||     2

Table legend:
 A = Non-vault XP
 B = Vault XP
 C = Vault XP percentage of total XP
 D = Non-vault monster count
 E = Vault monster count
 F = Vault count percentage of total count
                 A         B        C        D         E       F
            +---------+---------+-------+---------+---------+-------
      Total |       2 |       0 |   0.0 |       1 |       0 |   0.0
            +---------+---------+-------+---------+---------+-------
        D:1 |       2 |       0 |   0.0 |       1 |       0 |   0.0
            +---------+---------+-------+---------+---------+-------
